 Dungeon Crawl Stone Soup version 0.27-a0-394-g49c82dfaf2 (webtiles) character file.

Game seed: 12516280847888030318

943 gruber the Covert (level 8, -4/44 HPs)
             Began as a Kobold Hunter on Feb 20, 2021.
             Slain by a phantom (9 damage)
             ... on level 5 of the Dungeon.
             The game lasted 00:06:15 (6380 turns).

gruber the Covert (Kobold Hunter)                   Turns: 6380, Time: 00:06:16

Health: -4/44      AC:  6    Str:  9    XL:     8   Next: 34%
Magic:  8/8        EV: 15    Int: 12    God:
Gold:   185        SH:  0    Dex: 18    Spells: 7/7 levels left

rFire    . . .     SeeInvis .   a - +1 hand crossbow
rCold    + . .     Faith    .   (shield restricted)
rNeg     . . .     Spirit   .   r - +2 leather armour {rC+}
rPois    .         Reflect  .   p - +0 helmet
rElec    .         Harm     .   (no cloak)
rCorr    .         Rampage  .   (no gloves)
Will     .....                  (no boots)
Stlth    +++++.....             (no amulet)
HPRegen  0.14/turn              (no ring)
MPRegen  0.11/turn              (no ring)

@: no status effects
A: small, nightstalker 3
a: no special abilities


You were on level 5 of the Dungeon.
You visited 2 branches of the dungeon, and saw 6 of its levels.

You collected 185 gold pieces.

Inventory:

Hand Weapons
 a - a +1 hand crossbow (weapon)
 e - a +0 dagger of venom
 g - a +1 dagger of protection
Missiles
 d - 10 bolts (quivered ammo)
 v - 30 stones
Armour
 p - a +0 helmet (worn)
 r - a +2 leather armour of cold resistance (worn)
Jewellery
 s - an amulet of faith {unknown}
Wands
 q - a wand of flame (15)
Scrolls
 c - a scroll of random uselessness {unknown}
 f - a scroll of enchant weapon {unknown}
 h - a scroll of noise {unknown}
 i - 2 scrolls of identify {unknown}
 k - 3 scrolls of enchant armour {unknown}
 l - 2 scrolls of blinking {unknown}
 m - a scroll of fog {unknown}
 n - 2 scrolls of magic mapping {unknown}
 w - a scroll of teleportation {unknown}
Potions
 b - a potion of lignification {unknown}
 j - 2 potions of curing
 o - a potion of mutation {unknown}
 t - a potion of cancellation {unknown}
 u - a potion of heal wounds {unknown}


   Skills:
 - Level 2.1 Fighting
 - Level 7.2 Short Blades
 - Level 0.1(2.7) Long Blades
 - Level 4.8 Crossbows
 - Level 0.2 Throwing
 * Level 2.6 Dodging
 - Level 10.0 Stealth


You had 7 spell levels left.
You didn't know any spells.
Your spell library was empty.

Dungeon Overview and Level Annotations

Branches:
Dungeon (5/15)             Temple (1/1) D:4

Altars:
Ashenzari
Cheibriados
Dithmenos
Elyvilon
Hepliaklqana
Kikubaaqudgha
Makhleb
Nemelex Xobeh
Qazlal
Sif Muna
Vehumet
Wu Jian
Yredelemnul
Zin
The Shining One

Annotations:
D:5 Sigmund


Innate Abilities, Weirdness & Mutations

You are small and have problems with some larger weapons.
You are completely attuned to the shadows.


Message History

You are too injured to fight recklessly!
You are too injured to fight recklessly!
You are too injured to fight recklessly!
Unknown command.
Fire: 15 bolts
Press: ? - help, Q - select action, (/) - cycle Shift-Dir - straight line, f/p - phantom
Aim: a phantom (moderately damaged, 60% to hit)
You shoot a bolt. The bolt misses the phantom.
The phantom hits you.
The phantom blinks!
You blink.
The phantom barely misses you.
Fire: 14 bolts
Press: ? - help, Q - select action, (/) - cycle Shift-Dir - straight line, f/p - phantom
Aim: a phantom (moderately damaged, 60% to hit)
You shoot a bolt. The bolt hits the phantom.
The phantom is heavily damaged.
The leopard gecko skeleton bites you. The phantom hits you.
* * * LOW HITPOINT WARNING * * *
The phantom blinks!
You blink.
Fire: 13 bolts
Press: ? - help, Q - select action, (/) - cycle Shift-Dir - straight line, f/p - phantom
Aim: a phantom (heavily damaged, 60% to hit)
You shoot a bolt. The bolt hits the phantom.
The phantom is severely damaged.
The phantom hits you but does no damage.
Fire: 12 bolts
Press: ? - help, Q - select action, (/) - cycle Shift-Dir - straight line, f/p - phantom
Aim: a phantom (severely damaged, 60% to hit)
You shoot a bolt. The bolt barely misses the phantom.
The leopard gecko skeleton closely misses you.
The phantom hits you.
* * * LOW HITPOINT WARNING * * *
Fire: 11 bolts
Press: ? - help, Q - select action, (/) - cycle Shift-Dir - straight line, f/p - phantom
Aim: a phantom (severely damaged, 60% to hit)
You shoot a bolt. The bolt hits the phantom.
The phantom is almost destroyed.
The leopard gecko skeleton bites you.
* * * LOW HITPOINT WARNING * * *
The phantom hits you!
You die...

#.#####.###
#.##.##...# ######
#.##≈##....
.....####.##.##....
## #§§.(§.#####....
#≈ #...##..........
#≈ #...####........
.#####.(.#
#........
....@Z...#
#........ ##
.....W...#
##....... .#
.........# ##......
.## .........#
######† ..#
........(# ####.
..####.##
........... .....
>.##......
.#######. ####.
#5##...... ....
8.8#....# .##.


You could see a phantom and a leopard gecko skeleton.

Vanquished Creatures
  Pikel (D:4)
  A lemure (D:4)
  3 hounds (D:4)
  A centaur skeleton (D:4)
  A gnoll shaman (D:4)
  A worker ant (D:4)
  Ijyb (D:3)
  Robin (D:3)
  9 adders
  9 gnolls
  An ufetubus (D:5)
  An ooze (D:2)
  5 worms
  3 dart slugs
  8 leopard geckos
  2 orcs (D:3)
  7 giant cockroaches
  11 hobgoblins
  3 jackals (D:3)
  4 quokkas
  10 bats
  9 frilled lizards
  8 goblins
  A jackal zombie (D:5)
  8 kobolds
  A quokka skeleton (D:4)
  A quokka zombie (D:5)
  7 rats
118 creatures vanquished.

Vanquished Creatures (others)
  7 fungi (D:5)
7 creatures vanquished.

Grand Total: 125 creatures vanquished

Notes
Turn   | Place    | Note
-------+----------+-------------------------------------------
     0 | D:1      | gruber the Kobold Hunter began the quest for the Orb.
     0 | D:1      | Reached XP level 1. HP: 12/12 MP: 1/1
   115 | D:1      | Reached skill level 1 in Short Blades
   188 | D:1      | Reached XP level 2. HP: 17/17 MP: 2/2
   795 | D:1      | Reached XP level 3. HP: 21/21 MP: 3/3
  1492 | D:2      | Reached XP level 4. HP: 26/26 MP: 4/4
  1493 | D:2      | Found a shadowy altar of Dithmenos.
  1493 | D:2      | Found a white marble altar of Elyvilon.
  1812 | D:2      | Found a hazy altar of Hepliaklqana.
  1839 | D:2      | Reached skill level 5 in Short Blades
  2295 | D:2      | Reached XP level 5. HP: 24/30 MP: 5/5
  2531 | D:3      | Noticed Robin
  2545 | D:3      | Killed Robin
  3555 | D:3      | Noticed Ijyb
  3578 | D:3      | Killed Ijyb
  3579 | D:3      | Reached XP level 6. HP: 19/35 MP: 6/6
  3910 | D:3      | Reached skill level 2 in Stealth
  4138 | D:3      | Reached skill level 3 in Stealth
  4470 | D:4      | Reached skill level 4 in Stealth
  4831 | D:4      | Found a glowing silver altar of Zin.
  4850 | D:4      | Reached skill level 5 in Stealth
  4850 | D:4      | Reached XP level 7. HP: 40/40 MP: 7/7
  5145 | D:4      | Found a staircase to the Ecumenical Temple.
  5259 | D:4      | Reached skill level 6 in Stealth
  5304 | Temple   | Entered the Ecumenical Temple
  5550 | D:5      | Entered Level 5 of the Dungeon
  5550 | D:5      | Noticed Sigmund
  5589 | D:5      | Noticed Pikel
  5868 | D:4      | Killed Pikel
  5869 | D:4      | Reached skill level 9 in Stealth
  5869 | D:4      | Reached XP level 8. HP: 35/44 MP: 8/8
  6273 | D:5      | Reached skill level 10 in Stealth
  6278 | D:5      | Found a radiant altar of Vehumet.
  6380 | D:5      | Slain by a phantom

Illustrated notes

Levels and vault maps discovered:
D:1:      kennysheep_arrival_forest, layout_loops_ring
D:2:      layout_loops_cross, nzn_hepliaklqana_mist_gate,
          chequers_temple_overflow_statue_of_worship
D:3:      layout_basic, uniq_robin, uniq_ijyb
D:4:      layout_cave_pools, zin_academy, minmay_temple_entry_fiery
D:5:      lemuel_ratsnest, layout_rooms, vehumet_statue, old_standard_altar,
          serial_aquarium, aquarium_bridge_long_separate
          [aquarium_subvault_balcony, aquarium_subvault_wall,
          aquarium_subvault_bridge, aquarium_subvault_bridge,
          aquarium_subvault_wall, aquarium_subvault_wall],
          aquarium_window_corridor_1, aquarium_window_1, aquarium_window_1,
          aquarium_view_2b, aquarium_view_2c, aquarium_balcony_double_4,
          small_statue_intersection, uniq_sigmund, uniq_pikel
Temple:   eino_temple_lava

Skill      XL: |  1  2  3  4  5  6  7  8 |
---------------+-------------------------+-----
Short Blades   | 1 3 4 5 7 |  7.2
Stealth        | 5 9 10 | 10.0
Fighting       | |  2.1
Long Blades    | |  0.1
Crossbows      | |  4.8
Throwing       | |  0.2
Dodging        | |  2.6

Action                   |  1- 3 |  4- 6 |  7- 9 || total
-------------------------+-------+-------+-------++-------
Melee: Short sword       |    13 |       |       ||    13
       Dagger            |    76 |   300 |    88 ||   464
 Fire: Hand crossbow     |     1 |       |    20 ||    21
Evoke: Wand              |       |       |     1 ||     1
 Stab: Sleeping          |     7 |    13 |     4 ||    24
       Distracted        |     1 |       |       ||     1
Armor: Leather armour    |    20 |    43 |    15 ||    78
Dodge: Dodged            |    55 |   133 |    55 ||   243

Table legend: (Time is in decaauts)
 A = Elapsed time spent in this place.
 B = Non-inter-level travel time spent in this place.
 C = Inter-level travel time spent in this place.
 D = Time resting spent in this place.
 E = Time spent auto-exploring this place.
 F = Levels seen in this place.
 G = Mean time per level.
                   A        B        C        D        E       F      G
               +--------+--------+--------+--------+--------+-----+--------+
         Total |   6251 |   5964 |    287 |    512 |   4566 |   6 | 1041.8 |
       Dungeon |   6097 |   5820 |    277 |    512 |   4422 |   5 | 1219.4 |
        Temple |    154 |    144 |     10 |      0 |    144 |   1 |  154.0 |
               +--------+--------+--------+--------+--------+-----+--------+

Top non-repeatable levels by time:
     D:2: 1761 daAuts
     D:4: 1649 daAuts
     D:3: 1385 daAuts
     D:1: 1131 daAuts
     D:5: 169 daAuts
  Temple: 154 daAuts
